 Dungeon Crawl Stone Soup version 0.29-a0-925-g0a7a3d12f8 (webtiles) character file.

Game seed: 10335912387750818608

6 Spectrina the Magician (level 2, -2/21 HPs)
             Began as a Djinni Venom Mage on July 30, 2022.
             Slain by a gnoll
             ... wielding a +0 club
              (4 damage)
             ... on level 1 of the Dungeon.
             The game lasted 00:00:54 (112 turns).

Spectrina the Magician (Djinni Venom Mage)           Turns: 112, Time: 00:00:55

Health: -2/21      AC:  2    Str:  7    XL:     2   Next: 0%
Gold:   35         EV: 12    Int: 16    God:
                   SH:  0    Dex: 13

rFire   + + .      SeeInvis .   (no weapon)
rCold   x . .      Faith    .   (no shield)
rNeg    . . .      Spirit   .   a - +0 robe
rPois   ∞          Reflect  .   (no helmet)
rElec   .          Harm     .   (no cloak)
rCorr   .          Rampage  .   (no gloves)
Will    .....                   (boots unavailable)
Stlth   ++........              (no amulet)
HPRegen 0.07/turn               (no ring)
MPRegen 0.00/turn               (no ring)

@: flying
A: sickness immunity, fire resistance 2, cold vulnerability 1, float, innate
caster, HP casting, extra vitality 1
a: no special abilities


You were on level 1 of the Dungeon.
You visited 1 branch of the dungeon, and saw 1 of its levels.

You collected 35 gold pieces.

Inventory:

Armour
 a - a +0 robe (worn)
Scrolls
 b - a scroll of immolation {unknown}


   Skills:
 - Level 2.1 Dodging
 - Level 1.5 Stealth
 + Level 2.7 Spellcasting


You couldn't memorise any spells.
You knew the following spells:

 Your Spells              Type           Power      Damage    Failure   Level
a - Sting                 Tmut/Pois      44%        1d5       6%          1
b - Poisonous Vapours     Pois/Air       22%        N/A       10%         2
c - Mephitic Cloud        Conj/Pois/Air  11%        N/A       19%         3
d - Olgreb's Toxic Radia  Pois           11%        N/A       52%         4
Your spell library was empty.

Dungeon Overview and Level Annotations

Branches:
Dungeon (1/15)

Altars:


Innate Abilities, Weirdness & Mutations

You are immune to sickness and miasma.
You are immune to poison.
Your flesh is very heat resistant. (rF++)
You are vulnerable to cold. (rC-)
You float through the air rather than walking.
You learn spells naturally, not from books.
Your magical power is your life essence.
You have superior vitality. (+4 MHP)


Message History

Casting: Sting (safe; 6% risk of failure)
Confirm with . or Enter, or press ? or * to list all spells.
Aiming: Sting (safe; 6% risk of failure)
Press: ? - help, Shift-Dir - straight line, f/p - gnoll
Aim: a gnoll, wielding a +0 club (moderately wounded, poisoned, 75% to hit)
You miscast Sting.
You are very lightly contaminated with residual magic.
Nothing appears to happen.
The bat closely misses you. The gnoll hits you with a +0 club.
* * * LOW HITPOINT WARNING * * *
Unknown command.
You aren't carrying any potions.
Casting: Sting (safe; 6% risk of failure)
Confirm with . or Enter, or press ? or * to list all spells.
Aiming: Sting (safe; 6% risk of failure)
Press: ? - help, Shift-Dir - straight line, f/p - gnoll
Aim: a gnoll, wielding a +0 club (moderately wounded, poisoned, 75% to hit)
The sting hits the gnoll.
The gnoll looks even sicker.
The gnoll is moderately wounded.
* * * LOW HITPOINT WARNING * * *
The gnoll barely misses you. The bat closely misses you.
Unknown command.
The gnoll attacks as you move away! The gnoll hits you with a +0 club.
* * * LOW HITPOINT WARNING * * *
The bat attacks as you move away! The bat hits you but does no damage. x2
Unknown command.
An endoplasm comes into view.
The endoplasm quivers.
The bat completely misses you.
Unknown command.
The bat hits you but does no damage.
Unknown command.
The bat attacks as you move away! The bat hits you but does no damage.
The gnoll attacks as you move away! The gnoll closely misses you.
The bat hits you but does no damage. x2
The bat attacks as you move away! The bat barely misses you.
The bat misses you.
Your magical contamination has completely faded away.
The gnoll attacks as you move away! The gnoll hits you with a +0 club.
You die...

#####.. . ....... ..
.###.....# .# .J# #....#
.# #.# #....# ##.# # #.#
#....###..# .#
#.###....##..###.##. .
#.##...........(... ...
##.b.@#...........#
.....###..Kg.............#
..!...†..#####..†.......##
........## #..........# ##
........# ########.### #.
######### ########...## #.
............#####.
#####............
#.......####.


You could see a gnoll (poisoned), a bat and a kobold.

Vanquished Creatures
  A giant cockroach (D:1)
  A goblin (D:1)
  A hobgoblin (D:1)
  2 bats (D:1)
  A rat (D:1)
6 creatures vanquished.

Notes
Turn   | Place    | Note
-------+----------+-------------------------------------------
     0 | D:1      | Spectrina the Djinni Venom Mage began the quest for the
                  | Orb.
     0 | D:1      | Spectrina set off with the following spells memorised:
                  | Sting, Poisonous Vapours, Mephitic Cloud, Olgreb's Toxic
                  | Radiance.
     0 | D:1      | Reached XP level 1. HP: 15/15 MP: 0/0
   104 | D:1      | Reached XP level 2. HP: 11/21 MP: 0/0
   107 | D:1      | HP: 1/21 [gnoll/+0 club (2)]
   112 | D:1      | Slain by a gnoll

Illustrated notes

Levels and vault maps discovered:
D:1:      roderic_chinese_lattice_arrival, layout_rooms, minmay_hedge_maze,
          dreamdust_princess_bridge

Action                   || total
-------------------------++-------
Melee: Unarmed           ||     4
 Cast: Sting             ||    12
Armor: Robe              ||     9
Dodge: Dodged            ||    15

Table legend: (Time is in decaauts)
 A = Elapsed time spent in this place.
 B = Non-inter-level travel time spent in this place.
 C = Inter-level travel time spent in this place.
 D = Time resting spent in this place.
 E = Time spent auto-exploring this place.
 F = Levels seen in this place.
 G = Mean time per level.
                   A        B        C        D        E       F      G
               +--------+--------+--------+--------+--------+-----+--------+
         Total |    112 |    112 |      0 |      0 |      0 |   1 |  112.0 |
       Dungeon |    112 |    112 |      0 |      0 |      0 |   1 |  112.0 |
               +--------+--------+--------+--------+--------+-----+--------+

Top non-repeatable levels by time:
     D:1: 112 daAuts
